 Dungeon Crawl Stone Soup version 0.29.1-13-g9f3cf754e1 (webtiles) character file.

Game seed: 14726572851919192073

185441 bananaglory the Spry (level 18, -9/149 HPs)
             Began as a Merfolk Gladiator on Feb 10, 2023.
             Was the Champion of the Shining One.
             Mangled by a +3 bardiche of pain (11 damage)
             ... on level 2 of the Elven Halls on Feb 11, 2023.
             The game lasted 02:02:37 (21492 turns).

bananaglory the Spry (Merfolk Gladiator)           Turns: 21492, Time: 02:02:37

Health: -9/149     AC: 36    Str: 15    XL:     18   Next: 44%
Magic:  25/25      EV: 19    Int:  7    God:    the Shining One [******]
Gold:   2828       SH: 10    Dex: 21    Spells: 17/17 levels left

rFire   + . .      SeeInvis +   s - +4 scimitar (flame)
rCold   . . .      Faith    .   W - +1 buckler {rF+}
rNeg    + + +      Spirit   .   z - +12 chain mail "Riosk" {SInv}
rPois   .          Reflect  .   y - +1 helmet {SInv}
rElec   .          Harm     .   f - +2 cloak of the Intense God {+Blink}
rCorr   .          Rampage  .   o - +0 pair of gloves
Will    +....                   U - +0 pair of boots
Stlth   ..........              I - amulet of regeneration
HPRegen 1.14/turn               G - +4 ring of protection
MPRegen 0.19/turn               r - +4 ring of evasion

@: hasted, glowing, studying Necromancy, very quick
A: (nimble swimmer 2), mertail, weak 1
a: Renounce Religion, Evoke Blink, Divine Shield, Cleansing Flame, Summon Divine
Warrior, Brand Weapon With Holy Wrath


You were on level 2 of the Elven Halls.
You worshipped the Shining One.
The Shining One was exalted by your worship.
You visited 5 branches of the dungeon, and saw 25 of its levels.
You visited the Abyss 2 times.
You also visited: Gauntlet.

You collected 3067 gold pieces.
You spent 239 gold pieces at shops.

Inventory:

Hand Weapons
 a - a +0 spectral long sword
 s - a +4 scimitar of flaming (weapon)
 D - a +3 scimitar
Missiles
 d - 3 throwing nets
 e - a javelin
 A - 75 poisoned darts (quivered)
 N - 3 atropa-tipped darts
 Q - 4 silver javelins
 Y - 8 curare-tipped darts
Armour
 f - the +2 cloak of the Intense God (worn) {+Blink}
   (You found it in a Gauntlet)

   +Blink:    It lets you blink.
 o - a +0 pair of gloves (worn)
 v - a +1 leather armour of fire resistance
 y - a +1 helmet of see invisible (worn)
 z - the +12 chain mail "Riosk" (worn) {SInv}
   (You found it on level 1 of the Elven Halls)

   SInv:      It lets you see invisible.
 L - the +4 skin of Zhor {*Englaciate rC+++ SInv}
   (You found it on level 7 of the Dungeon)

   It radiates cold, occasionally slowing all nearby creatures who are not
   resistant to cold.
   rC:        It renders you almost immune to cold.
   SInv:      It lets you see invisible.
 U - a +0 pair of boots (worn)
 W - a +1 buckler of fire resistance (worn)
Jewellery
 r - a +4 ring of evasion (right hand)
 w - a ring of flight
 E - the ring of Tooth {rPois Str-5 Slay+5}
   (You found it in a Gauntlet)

   [ring of poison resistance]

   Str:       It affects your strength (-5).
   Slay:      It affects your accuracy & damage with ranged weapons and melee
   (+5).
   rPois:     It protects you from poison.
 G - a +4 ring of protection (left hand)
 H - an amulet of faith
 I - an amulet of regeneration (around neck)
 R - a +6 ring of intelligence
 X - a ring of protection from cold
Wands
 t - a wand of charming (6)
 x - a wand of flame (47)
 F - a wand of mindburst (4)
 V - a wand of roots (10)
 Z - a wand of digging (5)
Scrolls
 c - 2 scrolls of identify
 g - a scroll of brand weapon
 p - 5 scrolls of magic mapping
 C - 9 scrolls of enchant armour
 J - 6 scrolls of poison
 P - 2 scrolls of immolation
 S - 2 scrolls of fog
Potions
 h - 5 potions of curing
 k - a potion of haste
 m - 3 potions of might
 n - 5 potions of mutation
 q - 2 potions of cancellation
 u - a potion of magic
 B - 3 potions of berserk rage
 K - 2 potions of brilliance
 O - 3 potions of ambrosia
Miscellaneous
 j - a phantom mirror (inert)
 M - a box of beasts (inert)
 T - a phial of floods (inert)


   Skills:
 - Level 15.0 Fighting
 - Level 15.0 Long Blades
 - Level 10.0 Throwing
 + Level 9.5 Armour
 + Level 17.0 Dodging
 - Level 15.0 Shields
 - Level 10.0 Invocations
 - Level 10.0 Evocations


You had 17 spell levels left.
You didn't know any spells.
Your spell library contained the following spells:

 Spells                   Type           Power      Damage    Failure   Level
 Magic Dart               Conj           0%         1d3       100%        1
 Summon Small Mammal      Summ           0%         N/A       100%        1
 Blink                    Tloc           0%         N/A       100%        2
 Searing Ray              Conj           0%         2d4       100%        2
 Static Discharge         Conj/Air       0%         3-3/arc   100%        2
 Call Canine Familiar     Summ           0%         N/A       100%        3
 Dazzling Flash           Conj/Hex       0%         N/A       100%        3
 Gell's Gravitas          Tloc           0%         N/A       100%        3
 Lesser Beckoning         Tloc           0%         N/A       100%        3
 Mephitic Cloud           Conj/Pois/Air  0%         N/A       100%        3
 Summon Guardian Golem    Hex/Summ       0%         N/A       100%        3
 Teleport Other           Tloc           0%         N/A       100%        3
 Animate Armour           Summ/Erth      0%         N/A       100%        4
 Fulminant Prism          Conj/Hex       0%         3d6       100%        4
 Leda's Liquefaction      Hex/Erth       0%         N/A       100%        4
 Petrify                  Tmut/Erth      0%         N/A       100%        4
 Agony                    Necr           0%         N/A       100%        5
 Blade Hands              Tmut           0%         N/A       100%        5
 Irradiate                Conj/Tmut      0%         3d11      100%        5
 Lee's Rapid Deconstruct  Erth           0%         3d5*      100%        5
 Lightning Bolt           Conj/Air       0%         1d11      100%        5
 Manifold Assault         Tloc           0%         N/A       100%        5
 Metabolic Englaciation   Hex/Ice        0%         N/A       100%        5
 Silence                  Hex/Air        0%         N/A       100%        5
 Iron Shot                Conj/Erth      0%         9d1       100%        6
 Statue Form              Tmut/Erth      0%         N/A       100%        6
 Storm Form               Tmut/Air       0%         N/A       100%        7
 Maxwell's Capacitive Co  Air            0%         ∞         100%        8


Dungeon Overview and Level Annotations

Branches:
Dungeon (15/15)            Temple (1/1) D:5            Lair (5/5) D:8
  Swamp (0/4) Lair:2        Snake (0/4) Lair:3        Slime (0/5) Lair:4
    Orc (2/2) D:11            Elf (2/3) Orc:2        Vaults (0/5) D:13
 Depths (0/4) D:15        Gauntlet (visited)

Altars:
Ashenzari
Cheibriados
Dithmenos
Elyvilon
Fedhas
Gozag
Hepliaklqana
Kikubaaqudgha
Makhleb
Nemelex Xobeh
Okawaru
Ru
Sif Muna
Trog
Uskayaw
Vehumet
Wu Jian
Xom
Zin
The Shining One
Jiyva
Lugonu

Shops:
Orc:1 *   Orc:2 :!=(   Elf:2 (

Portals:
Abyss: Lair:5
Trove: D:13 (give 14 scrolls of teleportation)

Annotations:
D:7 2 transporters, gargbit's ghost, novice OpFi
Lair:3 Murgh's ghost, journeyman MiBe; Orchuz's ghost, journeyman TrBe


Innate Abilities, Weirdness & Mutations

((You are very nimble when in or above water. (Stealth+, EV+, Speed+++)))
Your lower body shifts to a powerful aquatic tail in water.
You are weak. (Str -2)


Message History

The deep elf zephyrmancer hits your mature shockox beast but does no damage.
The deep elf knight casts a spell at you.
The shard of ice hits your mature shockox beast!!!
Your mature shockox beast partially resists.
A deep elf pyromancer comes into view. It is wielding a +0 long sword.
The +3 bardiche of pain barely misses you.
Your mature shockox beast barely misses the deep elf zephyrmancer.
Your mature shockox beast tramples the deep elf zephyrmancer!
The deep elf zephyrmancer stumbles backwards!
You feel better.
The +4 war axe of flaming completely misses you.
You closely miss the +4 war axe of flaming.
The deep elf zephyrmancer casts a spell at you.
The bolt of lightning hits your mature shockox beast!
Your mature shockox beast resists.
The bolt of lightning misses you. The bolt of lightning hits you!
* * * LOW HITPOINT WARNING * * *
Your mature shockox beast bursts into living lightning!
The living lightning hits the deep elf zephyrmancer!!
Your mature shockox beast blinks!
The deep elf knight gestures wildly while chanting.
The deep elf knight seems to speed up.
The deep elf zephyrmancer casts a spell.
The deep elf zephyrmancer blinks!
The deep elf knight gestures at you while chanting.
You block the shard of ice.
The +3 bardiche of pain hits you from afar!!
* * * LOW HITPOINT WARNING * * *
You slash the deep elf zephyrmancer! You burn the deep elf zephyrmancer.
The deep elf zephyrmancer is heavily wounded.
The +4 war axe of flaming hits you.
* * * LOW HITPOINT WARNING * * *
The +4 war axe of flaming burns you. The Shining One protects you from harm!
Unknown command.
You hit the deep elf zephyrmancer. You burn the deep elf zephyrmancer.
The deep elf zephyrmancer is severely wounded.
The +4 war axe of flaming hits you but does no damage.
The +3 bardiche of pain hits you from afar!
You die...

######
#.....##
#....@#
..e#§.(e#
....#(..#
e.e(e#.e#
......#.#
.e.....##
.......
......#
....


You could see 3 deep elf knights, a deep elf pyromancer, 3 deep elf
zephyrmancers and 3 dancing weapons.

Vanquished Creatures
  A bone dragon (Abyss:4)
  Rupert (Lair:4)
  2 tentacled starspawn
  Kirke (Elf:1)
  Louise (D:15)
  An orc warlord (Orc:2)
  The ghost of ggurman the Bludgeoner, a journeyman MiFi of Okawaru (Orc:1)
  The ghost of Raneoc the Severer, a journeyman MiFi of Okawaru (Lair:3)
  A deep elf annihilator (Elf:1)
  A minotaur (Gauntlet)
  A dire elephant (D:15)
  Azrael (D:14)
  A deep elf death mage (Elf:1)
  The ghost of Niceneg the Thaumaturge, a journeyman VSTm of Dithmenos (Lair:3)
  Fannar (D:12)
  9 vault guards
  6 hydras
  4 boulder beetles
  A catoblepas (Lair:4)
  An ogre mage (D:15)
  6 centaur warriors
  8 two-headed ogres
  The ghost of Pegasus the Destroyer, a journeyman OpFE of Vehumet (D:11)
  17 dancing weapons
  A tengu warrior (D:12)
  4 thrashing horrors
  3 death yaks (Gauntlet)
  2 orc high priests (Orc:2)
  14 deep elf knights
  Sonja (D:12)
  5 skeletal warriors
  Lodul (D:13)
  3 wretched stars
  A sixfirhy (Gauntlet)
  2 obsidian statues (Elf:1)
  2 lindwurms
  2 bog bodies (Lair:2)
  13 deep elf archers
  21 deep elf zephyrmancers
  A necromancer (Gauntlet)
  22 deep elf pyromancers
  13 orc knights
  3 orc sorcerers
  11 ugly things
  6 manticores
  2 cyclopes
  A salamander (D:15)
  2 worldbinders
  9 black mambas
  23 elephants
  An elephant (shapeshifter) (D:15)
  A torpor snail (Lair:3)
  2 gargoyles
  A rust devil (Abyss:3)
  Maggie (D:6)
  2 orange demons (D:12)
  5 smoke demons
  3 kobold demonologists
  3 unseen horrors
  10 cane toads
  8 rime drakes
  8 komodo dragons
  An ice devil (D:14)
  3 efreet
  A tengu conjurer (D:15)
  3 ancient zymes
  2 red devils (D:12)
  5 large abominations
  A polar bear (Lair:3)
  A troll (shapeshifter) (D:15)
  7 trolls
  2 raiju
  24 blink frogs
  A wolf spider simulacrum (D:15)
  7 dream sheep
  3 air elementals (Elf:1)
  3 wyverns
  A wraith (D:12)
  4 ynoxinuls
  48 yaks
  A shadow (D:10)
  3 vampires
  10 small abominations
  A human (shapeshifter) (Lair:5)
  A neqoxec (Abyss:3)
  6 water elementals
  A hog (Elf:1)
  A golden eye (Abyss:3)
  10 fire elementals
  10 basilisks
  Grum (D:9)
  3 steam dragons
  4 vampire mosquitoes (D:12)
  4 chaos spawn
  6 wargs
  2 acid dragons
  11 water moccasins
  2 hell hounds (D:14)
  52 orc warriors
  2 sky beasts
  2 black bears
  21 ogres
  11 centaurs
  18 wolves
  A phantom (D:5)
  9 kobold brigands
  8 bullfrogs
  A scorpion (D:5)
  3 gnoll sergeants (D:11)
  3 earth elementals
  3 wights (D:7)
  3 electric eels
  4 crimson imps (D:14)
  6 starcursed masses (Abyss:3)
  3 gnoll boudas
  4 hounds
  3 jellies
  17 orc priests
  4 iguanas
  Ijyb (D:5)
  Terence (D:3)
  16 orc wizards
  A spectral orc (Orc:1)
  4 hell rats (Lair:3)
  A troll simulacrum (Orc:1)
  5 adders
  12 gnolls
  2 ogre simulacra (Orc:1)
  A shadow imp (D:5)
  5 white imps
  3 ufetubi
  An orc simulacrum (Orc:1)
  5 worms
  5 dart slugs
  87 orcs
  6 ball pythons
  8 endoplasms
  4 giant cockroaches
  4 goblins
  8 hobgoblins
  5 jackals (D:2)
  4 quokkas
  8 bats
  6 frilled lizards
  23 kobolds
  8 rats
  2 starspawn tentacles
890 creatures vanquished.

Vanquished Creatures (collateral kills)
  4 tentacled starspawn
  A balrug (Abyss:5)
  A caustic shrike skeleton (Abyss:5)
  The ghost of Ceyroiss the Quickloader, a journeyman HuWn of Dithmenos (Lair:3)
  6 dancing weapons
  A thrashing horror (Abyss:5)
  3 deep elf knights
  3 sun demons (Abyss:5)
  A skeletal warrior (D:15)
  A deep elf archer (Elf:2)
  5 deep elf pyromancers (Elf:2)
  3 deep elf zephyrmancers (Elf:2)
  An orc sorcerer (Elf:2)
  An orc knight (Orc:1)
  A will-o-the-wisp (Abyss:4)
  A cyclops (D:15)
  An efreet (D:13)
  An ancient zyme (Abyss:5)
  4 large abominations
  A ynoxinul (Abyss:4)
  A neqoxec (Abyss:5)
  A basilisk (D:15)
  A naga skeleton (Abyss:4)
  An orc warrior (Orc:1)
  A quasit (Abyss:4)
  3 starcursed masses (Abyss:5)
  A small abomination (Abyss:5)
  A rat (D:2)
  2 starspawn tentacles (Abyss:5)
53 creatures vanquished.

Vanquished Creatures (others)
  A fire dragon (D:15)
  3 deep elf pyromancers (Elf:2)
  A manticore (D:15)
  A cyclops (Orc:1)
  An air elemental (Elf:2)
  5 humans (Elf:1)
  An ogre (D:13)
  2 foxfires (Abyss:4)
  42 fungi
  82 plants
  15 starspawn tentacles
154 creatures vanquished.

Grand Total: 1097 creatures vanquished

Notes
Turn   | Place    | Note
-------+----------+-------------------------------------------
     0 | D:1      | bananaglory the Merfolk Gladiator began the quest for the
                  | Orb.
     0 | D:1      | Reached XP level 1. HP: 16/16 MP: 1/1
    97 | D:1      | Reached XP level 2. HP: 21/23 MP: 2/2
   520 | D:1      | Reached XP level 3. HP: 28/28 MP: 3/3
   697 | D:1      | Found a faded altar of an unknown god.
   788 | D:2      | Reached skill level 5 in Long Blades
  1051 | D:2      | Reached XP level 4. HP: 27/34 MP: 4/4
  1194 | D:2      | Found a white marble altar of Elyvilon.
  1683 | D:3      | Found a snail-covered altar of Cheibriados.
  1744 | D:3      | Reached XP level 5. HP: 52/52 MP: 5/5
  1898 | D:3      | Reached XP level 6. HP: 56/59 MP: 6/6
  2001 | D:3      | Noticed Terence
  2006 | D:3      | Killed Terence
  2078 | D:4      | Found a broken altar of Ashenzari.
  2131 | D:4      | Found a shimmering blue altar of Sif Muna.
  2505 | D:4      | Noticed an orc warrior
  2509 | D:4      | Killed an orc warrior
  2510 | D:4      | Reached skill level 10 in Fighting
  2510 | D:4      | Reached XP level 7. HP: 64/66 MP: 7/7
  2518 | D:4      | Reached skill level 1 in Armour
  2576 | D:5      | Entered Level 5 of the Dungeon
  2593 | D:5      | Found an ancient bone altar of Kikubaaqudgha.
  2717 | D:5      | Reached skill level 5 in Dodging
  2717 | D:5      | Reached XP level 8. HP: 71/72 MP: 8/8
  2727 | D:5      | Noticed Ijyb
  2735 | D:5      | Killed Ijyb
  2843 | D:5      | Found a staircase to the Ecumenical Temple.
  2861 | Temple   | Entered the Ecumenical Temple
  2925 | Temple   | Became a worshipper of the Shining One
  3039 | D:6      | Found a white marble altar of Elyvilon.
  3079 | D:6      | Noticed Maggie
  3087 | D:6      | Killed Maggie
  3088 | D:6      | Reached skill level 6 in Dodging
  3353 | D:6      | Reached XP level 9. HP: 58/78 MP: 9/9
  3429 | D:6      | Found an opulent altar of Gozag.
  3751 | D:7      | Found the +4 skin of Zhor {*Englaciate rC+++ SInv}
  3753 | D:7      | Noticed a rime drake
  3760 | D:7      | Reached skill level 7 in Dodging
  3762 | D:7      | Noticed a rime drake
  3763 | D:7      | Noticed a rime drake
  3770 | D:7      | Noticed a rime drake
  3770 | D:7      | Noticed a rime drake
  3772 | D:7      | Noticed a rime drake
  3870 | D:7      | Reached * piety under the Shining One
  3923 | D:7      | Found a glowing silver altar of Zin.
  3984 | D:7      | Noticed a cyclops
  3991 | D:7      | Killed a cyclops
  3992 | D:7      | Reached skill level 5 in Armour
  4008 | D:7      | Reached skill level 8 in Dodging
  4262 | D:7      | Found a bloodstained altar of Trog.
  4262 | D:7      | Noticed gargbit's ghost (novice OpFi)
  4263 | D:7      | Found a transporter.
  4265 | D:7      | Noticed a moth of wrath
  4269 | D:7      | Found a transporter.
  4273 | D:7      | Noticed a two-headed ogre
  4579 | D:8      | Found a hide-covered altar of Uskayaw.
  4664 | D:8      | Reached skill level 9 in Dodging
  4664 | D:8      | Reached XP level 10. HP: 62/85 MP: 10/10
  4785 | D:8      | Reached skill level 10 in Dodging
  4928 | D:8      | Found a staircase to the Lair.
  4955 | D:8      | Noticed a two-headed ogre
  4965 | D:8      | Killed a two-headed ogre
  4966 | D:8      | Reached skill level 11 in Dodging
  5248 | D:9      | Reached skill level 12 in Dodging
  5353 | D:9      | Noticed Grum
  5373 | D:9      | Killed Grum
  5537 | D:9      | Reached ** piety under the Shining One
  5550 | D:9      | Reached skill level 13 in Dodging
  5728 | D:10     | Entered Level 10 of the Dungeon
  5875 | D:10     | Reached XP level 11. HP: 87/90 MP: 11/11
  6030 | D:10     | Reached skill level 14 in Dodging
  6412 | D:11     | Noticed a two-headed ogre
  6419 | D:11     | Killed a two-headed ogre
  6525 | D:11     | Reached skill level 15 in Dodging
  6528 | D:11     | Reached skill level 1 in Evocations
  6754 | D:11     | Noticed Pegasus's ghost (journeyman OpFE)
  6754 | D:11     | Noticed a two-headed ogre
  6754 | D:11     | Identified the +7 dire flail "Liabakk" {protect, rC+ Str+3
                  | Dex-4}
  6754 | D:11     | Noticed a two-headed ogre
  6755 | D:11     | Noticed a two-headed ogre
  6756 | D:11     | Found a transporter.
  6756 | D:11     | Noticed a two-headed ogre
  6760 | D:11     | Found a transporter.
  6960 | D:11     | Found a staircase to the Orcish Mines.
  7020 | D:11     | Reached skill level 5 in Evocations
  7077 | D:11     | Noticed a manticore
  7092 | D:11     | Killed a manticore
  7211 | D:11     | Noticed a two-headed ogre
  7224 | D:11     | Killed a two-headed ogre
  7398 | Lair:1   | Entered Level 1 of the Lair of Beasts
  7398 | Lair:1   | Found a hide-covered altar of Uskayaw.
  7808 | Lair:1   | Reached XP level 12. HP: 97/97 MP: 12/12
  8164 | Lair:2   | Reached *** piety under the Shining One
  8174 | Lair:2   | Found a staircase to the Swamp.
  8452 | D:7      | Reached skill level 10 in Evocations
  8798 | Lair:3   | Reached skill level 5 in Invocations
  8890 | Lair:3   | Reached XP level 13. HP: 100/103 MP: 19/19
  9138 | Lair:3   | Reached skill level 10 in Invocations
  9294 | Lair:3   | Reached **** piety under the Shining One
  9379 | Lair:3   | Found a staircase to the Snake Pit.
  9610 | Lair:4   | Noticed Murgh's ghost (journeyman MiBe)
  9610 | Lair:4   | Noticed Orchuz's ghost (journeyman TrBe)
  9610 | Lair:4   | Noticed Raneoc's ghost (journeyman MiFi)
  9610 | Lair:4   | Noticed Ceyroiss's ghost (journeyman HuWn)
  9610 | Lair:4   | Found a runed translucent gate.
  9610 | Lair:4   | Found a runed translucent gate.
  9610 | Lair:4   | Found a runed translucent gate.
  9617 | Lair:4   | Noticed Niceneg's ghost (journeyman VSTm)
  9697 | Lair:3   | Killed Ceyroiss's ghost
  9782 | Lair:3   | Killed Raneoc's ghost
  9975 | Lair:3   | Killed Niceneg's ghost
 10046 | Lair:4   | Identified the +10 trident of Defence by Offence {protect,
                  | rElec Str+5}
 10257 | Lair:4   | Found a staircase to the Slime Pits.
 10258 | Lair:4   | Found a viscous altar of Jiyva.
 10559 | Lair:4   | Reached XP level 14. HP: 113/113 MP: 21/21
 10606 | Lair:4   | Noticed Rupert
 10731 | Lair:4   | Paralysed by Rupert for 5 turns
 10759 | Lair:4   | Killed Rupert
 10908 | Lair:5   | Entered Level 5 of the Lair of Beasts
 10908 | Lair:5   | Found a glowing golden altar of the Shining One.
 11083 | Lair:5   | Reached ***** piety under the Shining One
 11148 | Lair:5   | Reached skill level 15 in Long Blades
 12233 | Lair:5   | Found a corrupted altar of Lugonu.
 12233 | Lair:5   | Found a one-way gate to the infinite horrors of the Abyss.
 12462 | Orc:1    | Entered Level 1 of the Orcish Mines
 12614 | D:12     | Noticed Sonja
 12618 | D:12     | Killed Sonja
 12619 | D:12     | Reached skill level 15 in Fighting
 13042 | D:12     | Noticed Fannar
 13066 | D:12     | Reached XP level 15. HP: 117/129 MP: 22/22
 13094 | D:12     | Killed Fannar
 13095 | D:12     | Reached skill level 5 in Throwing
 13405 | D:13     | Noticed Lodul
 13413 | D:13     | Killed Lodul
 13420 | D:13     | Reached ****** piety under the Shining One
 13717 | D:13     | Found a portal to a secret trove of treasure.
 14065 | Orc:1    | Found a runed translucent gate.
 14065 | Orc:1    | Found a runed translucent gate.
 14065 | Orc:1    | Found a runed translucent gate.
 14071 | Orc:1    | Noticed ggurman's ghost (journeyman MiFi)
 14099 | Orc:1    | Found Qauk's Overcharged Wands.
 14297 | Orc:1    | Killed ggurman's ghost
 14562 | Orc:2    | Entered Level 2 of the Orcish Mines
 14636 | Orc:2    | Reached skill level 1 in Shields
 14711 | Orc:2    | Found a staircase to the Elven Halls.
 14828 | Orc:2    | Found a gate leading to a gauntlet.
 14881 | Gauntlet | Entered a Gauntlet
 14881 | Gauntlet | Found a transporter.
 14881 | Gauntlet | Found a transporter.
 14892 | Gauntlet | Found a transporter.
 14893 | Gauntlet | Found a transporter.
 14903 | Gauntlet | Found a transporter.
 14907 | Gauntlet | Found a transporter.
 14911 | Gauntlet | Found a runed translucent door.
 14911 | Gauntlet | Found a runed translucent door.
 14917 | Gauntlet | Found a transporter.
 14933 | Gauntlet | Found a transporter.
 14948 | Gauntlet | Found a transporter.
 14951 | Gauntlet | Found a transporter.
 14959 | Gauntlet | Found a transporter.
 14973 | Gauntlet | Found a transporter.
 15023 | Gauntlet | Identified the +2 cloak of the Intense God {+Blink}
 15104 | Gauntlet | Identified the ring of Tooth {rPois Str-5 Slay+5}
 15374 | Orc:2    | Found Fepoall's Book Emporium.
 15374 | Orc:2    | Found Pecesu's Distillery.
 15388 | Orc:2    | Bought a potion of attraction for 51 gold pieces
 15477 | Orc:2    | Reached skill level 10 in Throwing
 15634 | Orc:2    | Reached skill level 5 in Shields
 15713 | Orc:2    | Found Buteeck's Antique Weapon Shop.
 15713 | Orc:2    | Found Boleypse's Jewellery Emporium.
 15728 | Orc:2    | Bought a glowing long sword for 188 gold pieces
 15828 | Orc:2    | Noticed an orc warlord
 15858 | Orc:2    | Identified the +7 chain mail of Darkness {Rampage}
 15903 | Orc:2    | Killed an orc warlord
 16195 | D:11     | Reached XP level 16. HP: 94/136 MP: 23/23
 16250 | D:11     | Killed Pegasus's ghost
 16423 | D:13     | Found a gate to the Vaults.
 16953 | D:14     | Reached skill level 10 in Shields
 17034 | D:14     | Noticed Azrael
 17056 | D:14     | Killed Azrael
 17181 | D:14     | Got the Grimoire of the Salvo and Air
 17315 | D:15     | Entered Level 15 of the Dungeon
 17341 | D:15     | Found a staircase to the Depths.
 17806 | D:15     | Noticed Louise
 17821 | D:15     | Killed Louise
 17983 | D:15     | Identified the +10 dagger of the Boar {venom, Fragile rF+
                  | Str+4 Dex+3}
 18124 | D:15     | Found a sparkling altar of Nemelex Xobeh.
 18441 | Elf:1    | Entered Level 1 of the Elven Halls
 18530 | Elf:1    | Found a burning altar of Makhleb.
 18631 | Elf:1    | Paralysed by an air elemental for 1 turns
 18640 | Elf:1    | Reached XP level 17. HP: 133/142 MP: 24/24
 18916 | Elf:1    | Identified the +6 sling of Bufuoj {vorpal, rElec Int+3
                  | Dex-5 SInv}
 18918 | Elf:1    | Identified the +6 battleaxe of the Enchanting Gods {speed,
                  | SInv}
 19122 | Elf:1    | Paralysed by an air elemental for 1 turns
 19166 | Elf:1    | Identified the +12 chain mail "Riosk" {SInv}
 19299 | Elf:1    | Reached skill level 15 in Shields
 19433 | Elf:1    | Noticed Kirke
 19460 | Elf:1    | Killed Kirke
 19590 | Abyss:3  | Cast into level 3 of the Abyss (+2 halberd of distortion)
 19732 | Abyss:3  | Gained mutation: You are weak. (Str -2) [a neqoxec]
 19872 | Abyss:3  | Found a radiant altar of Vehumet.
 19882 | Abyss:3  | Noticed a tentacled starspawn
 19892 | Abyss:3  | Killed a tentacled starspawn
 19925 | Abyss:4  | Found a corrupted altar of Lugonu.
 19986 | Abyss:4  | Noticed a bone dragon
 19996 | Abyss:4  | Noticed a tentacled starspawn
 20006 | Abyss:4  | Killed a tentacled starspawn
 20012 | Abyss:4  | Killed a bone dragon
 20053 | Abyss:4  | Noticed a tentacled starspawn
 20068 | Abyss:4  | Killed a tentacled starspawn
 20070 | Elf:1    | Escaped the Abyss
 20121 | Elf:1    | Paralysed by an air elemental for 1 turns
 20472 | Elf:2    | Reached skill level 16 in Dodging
 20728 | Elf:2    | Reached XP level 18. HP: 83/149 MP: 25/25
 20748 | Elf:2    | Paralysed by an air elemental for 1 turns
 20838 | Elf:2    | Found Zarigh's Antique Weapon Boutique.
 21156 | Elf:2    | Found a runed translucent gate.
 21156 | Elf:2    | Found a runed translucent gate.
 21156 | Elf:2    | Found a runed translucent gate.
 21319 | Abyss:4  | Cast into level 4 of the Abyss (+2 scimitar of distortion)
 21459 | Abyss:5  | Paralysed by accursed screaming for 1 turns
 21468 | Abyss:5  | Paralysed by accursed screaming for 2 turns
 21470 | Abyss:5  | Reached skill level 17 in Dodging
 21472 | Abyss:5  | Paralysed by accursed screaming for 2 turns
 21476 | Elf:2    | Escaped the Abyss
 21490 | Elf:2    | HP: 6/149 [+3 bardiche of pain (19)]
 21491 | Elf:2    | HP: 1/149 [+4 war axe of flaming (5)]
 21491 | Elf:2    | The Shining One protects you from harm!
 21492 | Elf:2    | Mangled by a +3 bardiche of pain

Illustrated notes

Levels and vault maps discovered:
D:1:      elethiomel_arrival_maze, layout_basic,
          chequers_ecumenical_altar_simple_redux, kennysheep_another_room
D:2:      layout_loops_cross, basic_altar
D:3:      kennysheep_six_static_rooms, layout_basic, chei_slow_surprise,
          minivault_25, uniq_terence
D:4:      layout_basic, evilmike_ruin_ashenzari, led_sif_pool,
          minmay_small_thing
D:5:      layout_rooms, lemuel_doored_altar, minmay_temple_entry_tees,
          hex_large, uniq_ijyb
D:6:      layout_gridville, mainiacjoe_overflow_alcove_4,
          nicolae_gozag_cash_rules_everything_around_me, uniq_maggie
D:7:      layout_cave_pools, lemuel_crystal_altar,
          gammafunk_ghost_wrathful_warriors, minmay_misc_feat_ornament,
          hellmonk_guarded_unrand_zhor
D:8:      layout_basic, mainiacjoe_overflow_alcove_1, minmay_lair_entry_grove
D:9:      layout_roguey, uniq_grum
D:10:     layout_loops_ring
D:11:     layout_roguey, kennysheep_orc_monster_closet_entryway,
          gammafunk_ghost_smash
D:12:     layout_irregular_city, amcnicky_mini_rare_corridor_liquid,
          minmay_beelzebubs_servants, uniq_fannar, uniq_sonja
D:13:     layout_rooms, erik_vaults_2, enter_trove_5, uniq_lodul
D:14:     layout_roguey, minmay_holes, minmay_fire_ice_demons, uniq_azrael
D:15:     hangedman_depths_entry_try_elsewhere_first, layout_small_grid,
          nemelex_spade_bored_becter, minmay_pinched_square, uniq_louise
Temple:   eino_narrow_crystal_temple
Lair:1:   layout_chaotic_city, basic_altar, lemuel_fruit_fields
Lair:2:   layout_misc_corridors, skrybe_swamp_entry_bodies,
          dreamdust_gnoll_shepherd, infiniplex_staircase_pool
Lair:3:   layout_regular_city, minmay_snake_entry_six_corridors
Lair:4:   layout_cave_pods, slime_entry_1, gammafunk_ghost_cemetery,
          lemuel_fruit_tree, grunt_megastairs_4, serial_bayou_shore_a,
          uniq_rupert
Lair:5:   hellmonk_lair_end_abyssal_woods, layout_misc_corridors, basic_altar
Orc:1:    layout_caves, gammafunk_ghost_necromancy, special_room
          [special_room_orc], nicolae_shop_overcharged_wands
Orc:2:    st_orc_town, layout_diamond_mine, gauntlet_entry_generic, elf_legates
Elf:1:    minmay_the_grid_triangle_9x9_recursive_3
          [minmay_the_grid_triangle_9x9_zippers_vertical,
          minmay_the_grid_triangle_9x9_checkered,
          minmay_the_grid_triangle_9x9_sprig,
          minmay_the_grid_triangle_9x9_prize_insulated,
          minmay_the_grid_triangle_9x9_warning,
          minmay_the_grid_triangle_9x9_intruding_spiral,
          minmay_the_grid_triangle_9x9_cache,
          minmay_the_grid_triangle_9x9_odd_lines,
          minmay_the_grid_triangle_9x9_shrine], layout_loops_cross,
          minivault_28, minmay_misc_feat_diagonals, minivault_24, david_greed,
          uniq_kirke
Elf:2:    nicolae_elf_blades_splatter_lattice [nicolae_blade_entry_pointy_end],
          layout_rooms, serial_shops, shop

Skill      XL: |  1  2  3  4  5  6  7  8  9 10 11 12 13 14 15 16 17 18 |
---------------+-------------------------------------------------------+-----
Long Blades    | 4 5 11 14 15 | 15.0
Fighting       | 9 10 11 15 | 15.0
Armour         | 2 3 5 7 9 |  9.5
Dodging        | 5 6 9 13 15 16 17 | 17.0
Evocations     | 7 10 | 10.0
Invocations    | 8 10 | 10.0
Throwing       | 4 10 | 10.0
Shields        | 6 13 15 | 15.0

Action                   |  1- 3 |  4- 6 |  7- 9 | 10-12 | 13-15 | 16-18 || total
-------------------------+-------+-------+-------+-------+-------+-------++-------
Melee: Long sword        |   108 |    76 |   131 |   410 |  1234 |    32 ||  1991
       Punch             |       |     1 |     1 |    10 |    25 |     4 ||    41
       Scimitar          |       |       |     5 |     3 |    18 |  1054 ||  1080
       Trident           |       |       |       |       |     8 |       ||     8
       Tailslap          |       |       |       |       |    12 |     4 ||    16
       Hand axe          |       |       |       |       |    19 |       ||    19
Throw: Dart              |       |       |     6 |    18 |    63 |    27 ||   114
       Javelin           |       |       |       |       |     1 |       ||     1
Invok: Cleansing Flame   |       |       |       |       |       |     2 ||     2
       Summon Divine War |       |       |       |       |       |     5 ||     5
Evoke: Wand              |       |       |     1 |     4 |    24 |    12 ||    41
       Box of beasts     |       |       |       |       |     3 |     4 ||     7
       Phial of floods   |       |       |       |       |     4 |     3 ||     7
       Phantom mirror    |       |       |       |       |       |     4 ||     4
  Use: Scroll            |       |     9 |     6 |     4 |    14 |     8 ||    41
       Potion            |       |     1 |       |       |     5 |    14 ||    20
 Stab: Sleeping          |     1 |       |     1 |       |       |       ||     2
       Distracted        |       |     1 |       |       |       |       ||     1
Armor: Leather armour    |    23 |       |     4 |       |       |       ||    27
       Scale mail        |    30 |    18 |       |       |       |       ||    48
       Ring mail         |       |       |     9 |       |       |       ||     9
       Swamp dragon scal |       |       |    26 |    84 |       |       ||   110
       Animal skin       |       |       |       |     6 |   222 |    65 ||   293
       Chain mail        |       |       |       |       |       |   174 ||   174
Dodge: Dodged            |    76 |    36 |    77 |   264 |   833 |   522 ||  1808
Block: Kite shield       |       |       |       |       |       |   394 ||   394
       Buckler           |       |       |       |       |       |    47 ||    47
